[Event "World Junior Chess Championship U20 2022"]
[White "Veiga, Jose Francisco R P Neves"]
[Black "Ansat, Aldiyar"]
[WhiteFideId "1930087"]
[BlackFideId "13715658"]
[WhiteElo "2409"]
[BlackElo "2262"]
[Result "0-1"]
[Round "05"]
[TimeControl "5400+30"]
[Date "2022.10.15"]
[WhiteClock "0:24:33"]
[BlackClock "0:20:07"]

1. d4 Nf6 2. Nf3 g6 3. Nc3 d5 4. Bf4 Bg7 5. Nb5 Na6 6. e3 O-O 7. h3 c6 8. Nc3 Qb6 9. Rb1 c5 10. Bxa6 Qxa6 11. dxc5 Bf5 12. Be5 Rac8 13. Bd4 Rfd8 14. Qe2 Qxe2+ 15. Kxe2 Ne4 16. g4 Bd7 17. Rhd1 Nxc3+ 18. bxc3 f6 19. g5 Rc7 20. h4 Bg4 21. gxf6 Bxf6 22. Bxf6 exf6 23. Rd4 h5 24. Rf4 Rdd7 25. Kd2 Bxf3 26. Rxf3 Kf7 27. Rg3 Rxc5 28. Rbg1 Rdc7 29. Rxg6 Rxc3 30. Rg7+ Ke6 31. Rxc7 Rxc7 32. Rg8 Kf5 33. f3 Rc4 34. Rd8 Rxh4 35. Rxd5+ Kg6 36. Rd8 Ra4 37. e4 Rxa2 38. Rg8+ Kh7 39. Rg1 Ra5 40. f4 h4 41. f5 Ra3 42. Rg4 h3 43. Rh4+ Kg7 44. c3 Ra2+ 45. Kd3 h2 46. Kc4 Rb2 47. Kd5 Re2 48. Kd6 a5 49. e5 Rxe5 50. Rxh2 Rxf5 51. c4 b6 52. Rb2 Rc5 53. Ke6 Rxc4 54. Rg2+ Kf8 55. Kxf6 Ke8 56. Ke6 Kd8 57. Rg7 Kc8 58. Kd6 Kb8 59. Rh7 Rc5 60. Rg7 a4 61. Rg4 a3 62. Rg2 Kb7 63. Rg7+ Ka6 64. Rg3 a2 65. Rg8 Kb5 66. Ra8 Rc2 67. Kd5 Kb4 68. Kd4 Kb3 69. Kd3 Rc1 70. Rb8 a1=Q 0-1


[Site "http://www.chessbomb.com"]

[Event "World Junior Chess Championship U20 2022"]
[White "Moksh, Amit Doshi"]
[Black "Winkelman, Albert"]
[WhiteFideId "25064967"]
[BlackFideId "3219941"]
[WhiteElo "2430"]
[BlackElo "2229"]
[Result "1-0"]
[Round "05"]
[TimeControl "5400+30"]
[Date "2022.10.15"]
[WhiteClock "0:50:33"]
[BlackClock "0:24:19"]

1. d4 Nf6 2. c4 e6 3. Nc3 Bb4 4. Qc2 d5 5. a3 Bxc3+ 6. Qxc3 Ne4 7. Qc2 c5 8. dxc5 Nc6 9. Nf3 Qa5+ 10. Bd2 Nxd2 11. Qxd2 dxc4 12. Qxa5 Nxa5 13. e3 Nb3 14. Rd1 Nxc5 15. Bxc4 Ke7 16. b4 Ne4 17. Bd3 Nd6 18. e4 Bd7 19. Rc1 f5 20. exf5 exf5 21. Kd2 a5 22. Rhe1+ Kf6 23. Rc5 Rhd8 24. bxa5 Be6 25. Kc2 Rdc8 26. Rxc8 Rxc8+ 27. Kb2 Bc4 28. Nd4 Rd8 29. Bxc4 Nxc4+ 30. Kc3 Nxa5 31. Re6+ Kf7 32. Re5 Rc8+ 33. Kb4 Nc6+ 34. Nxc6 bxc6 35. Rxf5+ Ke6 36. Rf3 Kd6 37. Rd3+ Kc7 38. Rg3 g6 39. Rh3 Rh8 40. Kc5 h5 41. Rf3 Kd7 42. Rd3+ Kc7 43. Rd6 Rf8 44. Rxc6+ Kb7 45. Rxg6 Rxf2 46. Rg5 h4 47. h3 Ka6 48. Rg4 Rd2 49. Kc4 Kb6 50. Kc3 Ra2 51. a4 Kc5 52. Kd3 Kd5 1-0


[Site "http://www.chessbomb.com"]

[Event "World Junior Chess Championship U20 2022"]
[White "Zemach, Nadav"]
[Black "Muradli, Mahammad"]
[WhiteFideId "2820927"]
[BlackFideId "13409301"]
[WhiteElo "2293"]
[BlackElo "2550"]
[Result "1-0"]
[Round "05"]
[TimeControl "5400+30"]
[Date "2022.10.15"]
[WhiteClock "0:04:38"]
[BlackClock "0:01:27"]

1. d4 Nf6 2. c4 e6 3. g3 c5 4. d5 exd5 5. cxd5 d6 6. Nc3 g6 7. Bg2 Bg7 8. Nf3 O-O 9. O-O a6 10. a4 Re8 11. Bf4 Nh5 12. Bg5 Qc7 13. Qd2 Nd7 14. Rfe1 Rb8 15. e4 b5 16. axb5 axb5 17. g4 Nhf6 18. e5 dxe5 19. d6 Qd8 20. Nd5 Bb7 21. Ne7+ Kh8 22. Nxe5 Nxe5 23. Rxe5 Bxg2 24. Kxg2 Qd7 25. f3 Rbd8 26. Rd1 Nxg4 27. Rxc5 Ne5 28. Qd5 Nc4 29. Bf4 Nb6 30. Qe4 Qa7 31. Rxb5 Qa6 32. Qb4 Nd7 33. Rd2 Rb8 34. Rxb8 Rxb8 35. Qe4 Qa2 36. b4 Qa4 37. Nc6 Rf8 38. Ne5 Kg8 39. Nxd7 Qxd7 40. Qe7 Qf5 41. d7 Bf6 42. Qxf8+ 1-0


[Site "http://www.chessbomb.com"]

[Event "World Junior Chess Championship U20 2022"]
[White "Nouri, Alekhine"]
[Black "Kozak, Antoni"]
[WhiteFideId "5216184"]
[BlackFideId "21832030"]
[WhiteElo "2251"]
[BlackElo "2440"]
[Result "1/2-1/2"]
[Round "05"]
[TimeControl "5400+30"]
[Date "2022.10.15"]
[WhiteClock "0:26:29"]
[BlackClock "0:48:05"]

1. e4 c6 2. d4 d5 3. exd5 cxd5 4. Bd3 Nc6 5. c3 Qc7 6. Ne2 Bg4 7. O-O e6 8. Qe1 Nf6 9. f3 Bh5 10. Qh4 h6 11. Ng3 Bg6 12. Bxg6 fxg6 13. Ne2 Kf7 14. f4 Bd6 15. h3 Rhf8 16. Nd2 Kg8 17. Nf3 Ne4 18. Qg4 Rf6 19. Ne5 Ne7 20. c4 dxc4 21. Qf3 Ng5 22. Qc3 Nh7 23. Nxc4 Nd5 24. Qb3 g5 25. Nc3 Nxc3 26. bxc3 Bxf4 27. Bxf4 gxf4 28. Ne5 h5 29. Rae1 Rc8 30. Kh1 b6 31. c4 Ng5 32. c5 Qd8 33. h4 Nf7 34. cxb6 axb6 35. Re4 Qd5 36. Qxd5 exd5 37. Rexf4 Rxf4 38. Rxf4 Nxe5 39. dxe5 Rc4 40. g3 g5 41. Rf6 gxh4 42. Rxb6 hxg3 43. Rg6+ Kf7 44. Rxg3 Ke6 45. Rg5 d4 46. Kg2 d3 47. Kf2 Rd4 48. Ke1 d2+ 49. Kd1 h4 50. Rh5 Kd5 51. a4 Rxa4 52. Kxd2 Re4 53. Kd3 Rxe5 54. Rxh4 Ke6 55. Re4 Rxe4 56. Kxe4 1/2-1/2


[Site "http://www.chessbomb.com"]

[Event "World Junior Chess Championship U20 2022"]
[White "Siddharth, Jagadeesh"]
[Black "Vagman, Roy"]
[WhiteFideId "5818320"]
[BlackFideId "2828995"]
[WhiteElo "2415"]
[BlackElo "2274"]
[Result "1-0"]
[Round "05"]
[TimeControl "5400+30"]
[Date "2022.10.15"]
[WhiteClock "0:45:12"]
[BlackClock "0:07:32"]

1. d4 d5 2. c4 e6 3. Nc3 c5 4. cxd5 cxd4 5. Qa4+ Bd7 6. Qxd4 exd5 7. Qxd5 Nf6 8. Qb3 Na6 9. Nf3 Nc5 10. Qc2 Rc8 11. e3 Na4 12. Bd3 Bb4 13. Bd2 Qa5 14. O-O Nxc3 15. bxc3 Bxc3 16. Rac1 Bxd2 17. Qxc8+ Bxc8 18. Rxc8+ Ke7 19. Rxh8 Qc3 20. Bf5 Ne8 21. Rxh7 Nd6 22. Bb1 Bc1 23. Rh5 Ba3 24. Rd5 Bc5 25. Rfd1 b6 26. Ne5 f6 27. Nd3 Ba3 28. Nf4 Qc8 29. h3 g5 30. Ne2 Bc5 31. Ng3 Kf7 32. Nf5 Nxf5 33. Bxf5 Qa6 34. Rd7+ Be7 35. Rc1 Qxa2 36. g4 a5 37. Rcc7 Qa3 38. Rxe7+ Qxe7 39. Rxe7+ Kxe7 40. Kf1 Kd6 41. Ke2 b5 42. Kd3 Kc5 43. Kc3 a4 44. Bd7 b4+ 45. Kb2 a3+ 46. Kb3 Kd5 47. Bf5 1-0


[Site "http://www.chessbomb.com"]

[Event "World Junior Chess Championship U20 2022"]
[White "Tan, Jun Ying"]
[Black "Kanyamarala, Tarun"]
[WhiteFideId "5710413"]
[BlackFideId "45004714"]
[WhiteElo "2189"]
[BlackElo "2407"]
[Result "1/2-1/2"]
[Round "05"]
[TimeControl "5400+30"]
[Date "2022.10.15"]
[WhiteClock "0:15:21"]
[BlackClock "0:03:57"]

1. d4 Nf6 2. c4 e6 3. Nc3 Bb4 4. e3 c5 5. Ne2 b6 6. a3 Ba5 7. Rb1 Na6 8. g3 Bb7 9. d5 b5 10. Bg2 bxc4 11. O-O O-O 12. e4 d6 13. Bg5 h6 14. Bxf6 Qxf6 15. dxe6 Qxe6 16. Qa4 Bxc3 17. Nxc3 Nb8 18. Rbd1 Nd7 19. f4 Nb6 20. Qc2 Rab8 21. Rfe1 Ba8 22. e5 dxe5 23. Rxe5 Qc8 24. Bxa8 Rxa8 25. Ne4 Rd8 26. Re1 Qd7 27. Nxc5 Qc6 28. Qe4 Qxe4 29. R1xe4 Rd1+ 30. Kf2 Rb1 31. Re8+ Rxe8 32. Rxe8+ Kh7 33. Re2 c3 34. bxc3 Rc1 35. Ne4 Ra1 36. Nd6 Rxa3 37. Re7 Nd5 38. Rxf7 Nxc3 39. f5 Kg8 40. Rb7 Kf8 41. Rf7+ Kg8 42. Rb7 Kf8 43. Nc4 Ne4+ 44. Kg2 Ra2+ 45. Kf3 Nd2+ 46. Nxd2 Rxd2 47. h3 a5 48. Ra7 Ra2 49. Kg4 Ra3 50. Kh4 Ra2 51. g4 Ra3 52. Kh5 Rxh3+ 53. Kg6 Rg3 54. Rf7+ Ke8 55. Rxg7 Rxg4+ 56. Kxh6 Rb4 57. Ra7 Kf8 58. Kg6 Rf4 59. Rxa5 Rf1 60. Kf6 Kg8 61. Ra8+ Kh7 62. Re8 Rf2 63. Re5 Kg8 64. Ke6 Kg7 65. Re1 Ra2 66. f6+ Kf8 67. Re5 Ra1 68. Re2 Ra3 69. Rg2 Re3+ 70. Kf5 Rf3+ 71. Kg6 Rf1 72. Rg4 Rf2 73. Rg1 Rf3 74. Re1 Rg3+ 75. Kf5 Rf3+ 76. Ke6 Rf2 77. Re3 Rf1 78. Re2 Rf3 79. Rd2 Re3+ 80. Kf5 Rf3+ 81. Kg5 Rg3+ 82. Kf4 Rg1 83. Ke5 Re1+ 84. Kf5 Rf1+ 85. Ke6 Re1+ 86. Kf5 Rf1+ 87. Ke4 1/2-1/2


[Site "http://www.chessbomb.com"]

[Event "World Junior Chess Championship U20 2022"]
[White "Chukavin, Kirill"]
[Black "Nemeth, Zalan"]
[WhiteFideId "4503023"]
[BlackFideId "2512041"]
[WhiteElo "2384"]
[BlackElo "2247"]
[Result "1-0"]
[Round "05"]
[TimeControl "5400+30"]
[Date "2022.10.15"]
[WhiteClock "0:02:44"]
[BlackClock "0:17:38"]

1. e4 e5 2. Nf3 Nf6 3. Nxe5 d6 4. Nf3 Nxe4 5. Bd3 d5 6. O-O Nc5 7. Re1+ Be7 8. Bf1 O-O 9. d4 Ne4 10. Bd3 Bf5 11. Nbd2 Nd6 12. Nf1 Nd7 13. Ng3 Bxd3 14. Qxd3 Re8 15. b3 Nf6 16. Ne5 Nfe4 17. Bf4 c6 18. c4 Nxg3 19. hxg3 Bg5 20. Bxg5 Qxg5 21. cxd5 cxd5 22. Qf3 Re6 23. Qxd5 Rae8 24. Qf3 Rf6 25. Qe3 Qh5 26. g4 Qh4 27. Nf3 Rxe3 28. Nxh4 Rxe1+ 29. Rxe1 Kf8 30. Nf3 Rf4 31. g5 Re4 32. Kf1 Rxe1+ 33. Kxe1 Ne4 34. Ke2 Ke7 35. Ke3 Nc3 36. a4 Nd1+ 37. Ke2 Nc3+ 38. Ke3 Nd1+ 39. Ke2 Nc3+ 40. Kd2 Ne4+ 41. Ke3 Nc3 42. Nd2 Ke6 43. Ne4 Nd5+ 44. Kf3 b6 45. g4 a6 46. Ng3 Nc3 47. Ne2 Na2 48. Ke4 Kd6 49. f4 b5 50. axb5 axb5 51. f5 g6 52. d5 Nb4 53. Nc3 Kc5 54. Ke5 Nd3+ 55. Kf6 b4 56. Na2 Kxd5 57. Kxf7 Ne5+ 58. Kg7 gxf5 59. gxf5 Nf3 60. Kxh7 Nxg5+ 61. Kg6 Ne4 62. Nxb4+ Kd4 63. Nc2+ Kc3 64. Na1 1-0


[Site "http://www.chessbomb.com"]

[Event "World Junior Chess Championship U20 2022"]
[White "Milosevic, Milos"]
[Black "Avila Rodriguez, Joshua Ad"]
[WhiteFideId "964875"]
[BlackFideId "5126444"]
[WhiteElo "2379"]
[BlackElo "2225"]
[Result "0-1"]
[Round "05"]
[TimeControl "5400+30"]
[Date "2022.10.15"]
[WhiteClock "0:50:17"]
[BlackClock "0:03:25"]

1. e4 c5 2. Nc3 d6 3. f4 g6 4. Nf3 Bg7 5. Bb5+ Bd7 6. Bc4 Nc6 7. O-O e6 8. f5 Nf6 9. fxe6 fxe6 10. Qe1 O-O 11. d3 Nd4 12. Nxd4 cxd4 13. Nb1 d5 14. Bb3 dxe4 15. dxe4 Qb6 16. h3 Bb5 17. Rf3 Nd7 18. Na3 Rxf3 19. gxf3 Ba6 20. Kg2 Rf8 21. Nc4 Qc5 22. Qa5 Bb5 23. Bd2 Qh5 24. Rf1 Rc8 25. Qb4 Bf8 26. Nd6 Bxf1+ 27. Kf2 Qh4+ 0-1


[Site "http://www.chessbomb.com"]

[Event "World Junior Chess Championship U20 2022"]
[White "Mladek, Richard"]
[Black "Andreev, Konstantin"]
[WhiteFideId "386588"]
[BlackFideId "24239305"]
[WhiteElo "2371"]
[BlackElo "2206"]
[Result "1-0"]
[Round "05"]
[TimeControl "5400+30"]
[Date "2022.10.15"]
[WhiteClock "0:17:50"]
[BlackClock "0:15:45"]

1. d4 Nf6 2. c4 e6 3. Nc3 Bb4 4. e3 b6 5. Bd2 Bb7 6. Nf3 O-O 7. Bd3 d6 8. O-O Nbd7 9. Rc1 Bxc3 10. Bxc3 Ne4 11. Be1 f5 12. Nd2 Qg5 13. f4 Qg6 14. Nxe4 fxe4 15. Be2 Qf6 16. b4 Rad8 17. Qa4 a6 18. c5 dxc5 19. bxc5 Nb8 20. cxb6 cxb6 21. Qb4 b5 22. a4 Nc6 23. Qb3 Ne7 24. axb5 Bd5 25. Qa3 axb5 26. Rc7 Rf7 27. Bxb5 Nf5 28. Rc5 Ra8 29. Qc3 h5 30. Bc6 Ra2 31. Rxd5 exd5 32. Bxd5 Re2 33. Bf2 Kh7 34. Bxf7 Qxf7 35. Qc6 Qe7 36. Qb5 1-0


[Site "http://www.chessbomb.com"]

[Event "World Junior Chess Championship U20 2022"]
[White "Stremavicius, Pijus"]
[Black "Brahami, Lamine"]
[WhiteFideId "12812730"]
[BlackFideId "7905637"]
[WhiteElo "2363"]
[BlackElo "2188"]
[Result "1-0"]
[Round "05"]
[TimeControl "5400+30"]
[Date "2022.10.15"]
[WhiteClock "0:38:12"]
[BlackClock "0:05:37"]

1. d4 Nf6 2. c4 g6 3. Nc3 Bg7 4. e4 d6 5. Be2 O-O 6. Be3 e5 7. d5 Ne8 8. g4 f5 9. gxf5 gxf5 10. exf5 Bxf5 11. Nf3 c5 12. Rg1 Kh8 13. Ng5 Nf6 14. Bd3 e4 15. Ncxe4 Nxe4 16. Bxe4 Bxe4 17. Nxe4 Qh4 18. Qg4 Qxg4 19. Rxg4 Nd7 20. Nxd6 Bxb2 21. Rb1 Bc3+ 22. Ke2 b6 23. Nb5 Be5 24. Bh6 Rfe8 25. Kf1 Rg8 26. Rxg8+ Rxg8 27. h3 a6 28. Na7 Rg6 29. Be3 Kg7 30. Nc6 Bd6 31. a4 Kf7 32. a5 Bh2 33. Ke2 bxa5 34. Rb7 Ke8 35. Ra7 Rg1 36. Rxa6 Bc7 37. Ra8+ 1-0


[Site "http://www.chessbomb.com"]

[Event "World Junior Chess Championship U20 2022"]
[White "Martins, Bruno Andre Leite"]
[Black "Hercegovac, Neven"]
[WhiteFideId "1942255"]
[BlackFideId "2839135"]
[WhiteElo "2306"]
[BlackElo "2175"]
[Result "1-0"]
[Round "05"]
[TimeControl "5400+30"]
[Date "2022.10.15"]
[WhiteClock "0:31:30"]
[BlackClock "0:30:01"]

1. e4 c5 2. Nf3 d6 3. d4 cxd4 4. Nxd4 Nf6 5. Nc3 a6 6. f3 e5 7. Nb3 Be6 8. Be3 h5 9. Qd2 Nbd7 10. Nd5 Nxd5 11. exd5 Bf5 12. c4 Rc8 13. Rc1 Be7 14. Be2 h4 15. Na5 Qc7 16. O-O O-O 17. b4 Qb8 18. Bg5 Bf6 19. Bxf6 Nxf6 20. Qg5 Qa7+ 21. Kh1 Bg6 22. Qxh4 Qe3 23. Qe1 Nxd5 24. cxd5 Rxc1 25. Qxc1 Qxe2 26. Nxb7 Qb5 27. Nxd6 Qxb4 28. Qc7 Qd2 29. Nc8 Bd3 30. Ne7+ Kh8 31. Rg1 e4 32. fxe4 Bxe4 33. Qg3 Qh6 34. Re1 Qf6 35. Qh3+ Bh7 36. Qe3 Rd8 37. h3 Rd7 38. Qc5 Qd6 39. Qc8+ Rd8 40. Qc3 Re8 41. Ng6+ Bxg6 42. Rxe8+ Kh7 43. Qe5 Qa3 44. Qf4 1-0


[Site "http://www.chessbomb.com"]

[Event "World Junior Chess Championship U20 2022"]
[White "Gaal, Zsoka"]
[Black "Atanasov, Anthony"]
[WhiteFideId "777765"]
[BlackFideId "2623897"]
[WhiteElo "2298"]
[BlackElo "2148"]
[Result "1/2-1/2"]
[Round "05"]
[TimeControl "5400+30"]
[Date "2022.10.15"]
[WhiteClock "0:03:16"]
[BlackClock "0:27:09"]

1. Nf3 Nf6 2. g3 g6 3. Bg2 Bg7 4. d4 O-O 5. c4 d5 6. O-O Nc6 7. cxd5 Nxd5 8. e4 Nb6 9. d5 Na5 10. Qe1 Nac4 11. Nc3 e6 12. Bg5 f6 13. Bc1 exd5 14. exd5 Re8 15. Qd1 Bg4 16. h3 Bxf3 17. Bxf3 f5 18. Qb3 Kh8 19. a4 a5 20. h4 h6 21. Bg2 Rc8 22. Nb5 Qf6 23. Rb1 Re7 24. Qc2 c6 25. dxc6 bxc6 26. Na3 Qe6 27. Nxc4 Qxc4 28. Qxc4 Nxc4 29. b3 Rb7 30. Bxh6 Bxh6 31. bxc4 Rb4 32. Rxb4 axb4 33. Rb1 Bd2 34. Kf1 Bc3 35. Bf3 Kg7 36. a5 Ra8 37. Bxc6 Rxa5 38. Bd5 Ra2 39. c5 Ra5 40. Ke2 Rxc5 41. Bb3 Re5+ 42. Kf3 Ra5 43. Rd1 Ra3 44. Rb1 Kf6 45. Ke3 Ke5 46. f3 Bd4+ 47. Ke2 Ra7 48. g4 Kf4 49. gxf5 gxf5 50. h5 Re7+ 51. Kd3 Bc3 52. Bd5 Rd7 53. Kc4 Ke5 54. Rd1 Rc7+ 55. Kb3 Rh7 56. Bc4 Rxh5 57. Rd5+ Kf4 58. Bd3 Rg5 59. Bc2 Be1 60. Rb5 Bd2 61. Rd5 Ke3 62. Rxf5 Rg7 63. Rd5 Rg8 64. Be4 Rc8 65. Rd3+ Ke2 66. Rd5 Rc7 67. Rd3 Ra7 68. Rd5 Ra3+ 69. Kc4 Bc3 70. Rd8 Be1 71. Ra8 Re3 72. Ra2+ Bd2 73. Rxd2+ Kxd2 74. Kxb4 Rc3 75. Kb5 Ke3 76. Kb4 Kd4 77. Kb5 Rc4 78. Kb6 Rc5 79. Bc6 Re5 80. Be4 Kc4 81. Kc6 Re6+ 82. Kd7 Rh6 83. Ke7 Kd4 84. Kf7 Ke5 85. Kg7 Rf6 86. Bb7 Kf5 87. Ba8 Rg6+ 88. Kf7 Ra6 89. Be4+ Ke5 90. Kg7 Ra7+ 91. Kg6 Rc7 92. Ba8 Rd7 93. Be4 Ra7 94. Bd3 Ra2 95. Be4 Rg2+ 96. Kf7 Rg1 97. Bb7 Re1 98. Be4 Rh1 99. Bc6 Rh6 100. Be4 Rd6 101. Kg7 Rd7+ 102. Kg6 Rc7 103. Ba8 Re7 104. Be4 Ra7 105. Bd3 Ra8 106. Be4 Rb8 107. Bd3 Ke6 108. Bf5+ Ke5 109. Bd3 Rf8 110. Be4 Ke6 111. Kg5 Rg8+ 112. Kf4 Kf6 113. Bd5 Rd8 114. Be4 Rd4 115. Ke3 Rb4 116. Kf4 Ra4 117. Kg4 Ke5 118. Kg5 Ra6 119. Bd3 Ra2 120. Kg6 Kf4 1/2-1/2


[Site "http://www.chessbomb.com"]

[Event "World Junior Chess Championship U20 2022"]
[White "Stankovic, Dragan"]
[Black "Budisavljevic, Luka"]
[WhiteFideId "14408740"]
[BlackFideId "960047"]
[WhiteElo "2181"]
[BlackElo "2524"]
[Result "0-1"]
[Round "05"]
[TimeControl "5400+30"]
[Date "2022.10.15"]
[WhiteClock "0:00:47"]
[BlackClock "0:37:44"]

1. e4 e6 2. d4 d5 3. Bd3 dxe4 4. Bxe4 Nf6 5. Bf3 Be7 6. Ne2 O-O 7. O-O c5 8. Be3 cxd4 9. Bxd4 Qc7 10. Nd2 Rd8 11. Bc3 Nc6 12. Qc1 Nd5 13. Bxd5 Rxd5 14. Nf3 e5 15. Rd1 Rxd1+ 16. Qxd1 Be6 17. Ng3 f6 18. Qe2 Bf8 19. Rd1 Rc8 20. Qe4 Ne7 21. a3 Qc6 22. Qxc6 Rxc6 23. Rc1 Nd5 24. Bd2 Nb6 25. Ne2 Kf7 26. Kf1 Nc4 27. Bc3 Rb6 28. b3 Nxa3 29. Bd2 Bf5 30. Ne1 Nb5 31. Be3 Ra6 32. c4 Nc7 33. Nc3 Ra3 34. Nb5 Nxb5 35. cxb5 Ke6 36. Rc7 b6 37. Ke2 Kd6 38. Rc3 Kd7 39. Nd3 Ra5 40. b4 Rxb5 0-1


[Site "http://www.chessbomb.com"]

[Event "World Junior Chess Championship U20 2022"]
[White "Parkhov, Yair"]
[Black "Wartiovaara, Oliver"]
[WhiteFideId "2813408"]
[BlackFideId "513024"]
[WhiteElo "2484"]
[BlackElo "2297"]
[Result "1-0"]
[Round "05"]
[TimeControl "5400+30"]
[Date "2022.10.15"]
[WhiteClock "0:22:16"]
[BlackClock "0:34:33"]

1. c4 g6 2. e4 e5 3. Nf3 Bg7 4. d4 exd4 5. Nxd4 Nc6 6. Nxc6 bxc6 7. Nc3 Ne7 8. Be2 d6 9. O-O O-O 10. Bg5 h6 11. Be3 Be6 12. Qd2 Kh7 13. Rad1 f5 14. c5 d5 15. e5 g5 16. f4 gxf4 17. Bd4 Ng6 18. Bh5 Nxe5 19. Qxf4 Ng6 20. Bxg6+ Kxg6 21. Ne2 Bxd4+ 22. Nxd4 Bd7 23. Rf3 Kh7 24. Rh3 Rf6 25. Re1 Rb8 26. Qg5 Qf8 27. Re7+ Kh8 28. Rxd7 1-0


[Site "http://www.chessbomb.com"]

[Event "World Junior Chess Championship U20 2022"]
[White "Flores Quillas, Diego Saul Rodri"]
[Black "Ramoutar, Alan-Safar"]
[WhiteFideId "3822508"]
[BlackFideId "7704224"]
[WhiteElo "2291"]
[BlackElo "2449"]
[Result "0-1"]
[Round "05"]
[TimeControl "5400+30"]
[Date "2022.10.15"]
[WhiteClock "1:15:41"]
[BlackClock "0:22:10"]

1. e4 c6 2. d4 d5 3. Nc3 dxe4 4. Nxe4 Nf6 5. Nxf6+ exf6 6. c3 Bd6 7. Bd3 O-O 8. Qc2 Re8+ 9. Ne2 h5 10. O-O h4 11. Nf4 Qc7 12. g3 Nd7 13. Qd1 Nf8 14. Qh5 Qd7 15. a4 g5 16. Ng2 Qh3 17. Bxg5 hxg3 18. Qxh3 Bxh3 19. Bxf6 gxh2+ 20. Kh1 Ng6 21. Bxg6 fxg6 22. Rae1 Rxe1 23. Rxe1 Rf8 24. Be7 Re8 25. Bxd6 Bxg2+ 26. Kxh2 Rxe1 27. Kxg2 Kf7 28. Bb4 Ke6 29. Kf3 Rb1 30. Ba3 Kd5 31. Kf4 Rf1 32. Kg5 Rxf2 33. Kxg6 a5 34. Kg5 Kc4 35. Kg4 Kb3 36. Kg3 Rf7 0-1


[Site "http://www.chessbomb.com"]

[Event "World Junior Chess Championship U20 2022"]
[White "Neelash, Saha"]
[Black "Oye-Stromberg, Alexander"]
[WhiteFideId "5094160"]
[BlackFideId "1525999"]
[WhiteElo "2446"]
[BlackElo "2233"]
[Result "1/2-1/2"]
[Round "05"]
[TimeControl "5400+30"]
[Date "2022.10.15"]
[WhiteClock "0:22:44"]
[BlackClock "0:05:02"]

1. d4 Nf6 2. c4 e6 3. Nf3 d5 4. g3 Be7 5. Bg2 O-O 6. O-O dxc4 7. Qc2 a6 8. a4 Bd7 9. Qxc4 Bc6 10. Bg5 Nbd7 11. Nc3 h6 12. Bxf6 Nxf6 13. Rfd1 a5 14. Ne5 Bxg2 15. Kxg2 c6 16. e4 Qc7 17. f3 Rfd8 18. Rac1 Rac8 19. Ne2 Nd7 20. Nd3 Bf8 21. Ndf4 Nf6 22. Qb3 Qb8 23. Nd3 Qc7 24. Ne5 Bd6 25. Nc4 Bb4 26. Nf4 Qe7 27. Qe3 Nd7 28. Nd3 b5 29. Nce5 Nxe5 30. Nxe5 Qb7 31. Qb3 bxa4 32. Qxa4 c5 33. dxc5 Rxd1 34. Rxd1 Bxc5 35. Nd3 Bb4 36. Kh3 Rd8 37. Nc5 Qc8 38. Nd7 Qc7 39. Qb5 Be7 40. Rd3 Bd6 41. e5 Be7 42. Rd4 Qa7 43. Qd3 Qc7 44. b3 Qa7 45. f4 Qc7 46. g4 Qc1 47. Nf6+ Bxf6 48. Rxd8+ Bxd8 49. Qxd8+ Kh7 50. Qd3+ g6 51. f5 exf5 52. gxf5 Qg5 53. fxg6+ Qxg6 54. Qd5 1/2-1/2


[Site "http://www.chessbomb.com"]

[Event "World Junior Chess Championship U20 2022"]
[White "Djurovic, Peko"]
[Black "Boyer, Mahel"]
[WhiteFideId "16503902"]
[BlackFideId "45102422"]
[WhiteElo "2084"]
[BlackElo "2445"]
[Result "0-1"]
[Round "05"]
[TimeControl "5400+30"]
[Date "2022.10.15"]
[WhiteClock "0:02:10"]
[BlackClock "0:28:07"]

1. e4 c5 2. Nf3 a6 3. Nc3 e6 4. d4 cxd4 5. Nxd4 Qc7 6. Qf3 Nf6 7. Qg3 d6 8. Be3 b5 9. a3 Bb7 10. f3 Nbd7 11. O-O-O Rc8 12. Kb1 d5 13. exd5 Nxd5 14. Nxd5 Bxd5 15. Bf4 Qb6 16. c3 Nf6 17. Be5 Nd7 18. Bf4 f6 19. Nf5 g6 20. Nd6+ Bxd6 21. Bxd6 Qc6 22. Bd3 Kf7 23. Rhe1 Nb6 24. Bf4 a5 25. Be4 Qc4 26. Bxd5 Nxd5 27. Bc1 b4 28. Qd6 Rhe8 29. Rd4 Qb3 30. Ka1 Rcd8 31. Qc6 bxc3 32. Rde4 Rb8 33. R1e2 Rb6 34. Qd7+ Re7 35. Qd8 cxb2+ 36. Bxb2 Qd1+ 0-1


[Site "http://www.chessbomb.com"]

[Event "World Junior Chess Championship U20 2022"]
[White "Harshavardhan, G B"]
[Black "Casadio, Niccolo`"]
[WhiteFideId "25059009"]
[BlackFideId "2827951"]
[WhiteElo "2433"]
[BlackElo "2201"]
[Result "1-0"]
[Round "05"]
[TimeControl "5400+30"]
[Date "2022.10.15"]
[WhiteClock "0:53:26"]
[BlackClock "0:49:54"]

1. d4 e6 2. c4 Nf6 3. Nf3 d5 4. Nc3 Be7 5. Bf4 O-O 6. e3 b6 7. Bd3 dxc4 8. Bxc4 Bb7 9. O-O a6 10. Rc1 Nbd7 11. d5 exd5 12. Nxd5 Bxd5 13. Bxd5 Nxd5 14. Qxd5 Nc5 15. Qc6 Rc8 16. Rfd1 Qe8 17. Nd4 Bf6 18. b4 Bxd4 19. Qxe8 Rfxe8 20. exd4 Ne6 21. Be3 f5 22. d5 f4 23. Bxb6 cxb6 24. Rxc8 Rxc8 25. dxe6 Kf8 26. Kf1 Ke7 27. Rd7+ Kxe6 28. Rxg7 Rc1+ 29. Ke2 Rc2+ 30. Kf3 Rxa2 31. Rxh7 b5 32. Rh4 a5 33. bxa5 Ra3+ 34. Ke4 Ra4+ 35. Kd3 Ra3+ 36. Kd4 f3 37. g4 Rxa5 38. Rh6+ Kf7 39. Ke4 Ra3 40. Rb6 Rb3 41. h4 b4 42. h5 Rb1 43. Kxf3 b3 44. Kf4 b2 45. Kg5 Kg8 46. Rb7 Kf8 47. h6 Kg8 48. h7+ 1-0


[Site "http://www.chessbomb.com"]

[Event "World Junior Chess Championship U20 2022"]
[White "Olsen, Filip Boe"]
[Black "Candian, Lorenzo"]
[WhiteFideId "1440640"]
[BlackFideId "2863664"]
[WhiteElo "2433"]
[BlackElo "2022"]
[Result "1-0"]
[Round "05"]
[TimeControl "5400+30"]
[Date "2022.10.15"]
[WhiteClock "0:23:12"]
[BlackClock "0:09:13"]

1. d4 Nf6 2. c4 g6 3. Nc3 d5 4. h4 Bg7 5. h5 Nxh5 6. cxd5 c6 7. e4 Nf6 8. dxc6 bxc6 9. f3 Qc7 10. Nge2 Nbd7 11. Be3 Rb8 12. Qd2 Qa5 13. Rc1 Ba6 14. b3 c5 15. Kf2 Bxe2 16. Bxe2 cxd4 17. Bxd4 O-O 18. Rhd1 Rbc8 19. Bc4 Rfd8 20. Nb5 Qxd2+ 21. Rxd2 Bh6 22. Be3 Bxe3+ 23. Kxe3 a6 24. Na7 Ra8 25. Nc6 Re8 26. e5 1-0


[Site "http://www.chessbomb.com"]

[Event "World Junior Chess Championship U20 2022"]
[White "Lumachi, Gabriele"]
[Black "Sitbon, Itay"]
[WhiteFideId "2817247"]
[BlackFideId "2820706"]
[WhiteElo "2387"]
[BlackElo "2133"]
[Result "1-0"]
[Round "05"]
[TimeControl "5400+30"]
[Date "2022.10.15"]
[WhiteClock "0:45:58"]
[BlackClock "0:12:57"]

1. Nf3 Nf6 2. d4 d5 3. c3 c5 4. dxc5 a5 5. c4 e6 6. Be3 Na6 7. cxd5 Nxd5 8. Bd4 Nxc5 9. e3 Nf6 10. Nc3 Be7 11. Bc4 O-O 12. O-O b6 13. Qc2 Bb7 14. Rfd1 Qc8 15. Rac1 Rd8 16. Ne5 Ncd7 17. Bf1 Nxe5 18. Bxe5 Rxd1 19. Qxd1 Qd8 20. Na4 Qxd1 21. Rxd1 Rd8 22. Rc1 Nd7 23. Bd4 e5 24. Bxb6 Nxb6 25. Nxb6 Bd5 26. Rc7 Bd6 27. Nxd5 Bxc7 28. Nxc7 a4 29. b4 axb3 30. axb3 Rd1 31. b4 Rb1 32. b5 Kf8 33. g4 Ke7 34. Nd5+ Kd6 35. Nc3 Rb4 36. h3 h6 37. Kg2 g6 38. Bd3 f5 39. gxf5 gxf5 40. Bxf5 Rb3 41. Ne4+ Ke7 42. Bd7 Rb4 43. Bc6 Kf7 44. Kg3 Kg6 45. Nc3 e4 46. Nxe4 Rc4 47. Be8+ Kg7 48. Kf4 Rc8 49. Bc6 Kg6 50. Ke5 Kh5 51. Kd6 Kh4 52. b6 h5 53. b7 Rd8+ 54. Kc7 Rc8+ 55. Kxc8 1-0


[Site "http://www.chessbomb.com"]

[Event "World Junior Chess Championship U20 2022"]
[White "Johannsson, Birkir Isak"]
[Black "Guz, Ari"]
[WhiteFideId "2314673"]
[BlackFideId "2825759"]
[WhiteElo "2165"]
[BlackElo "2305"]
[Result "1/2-1/2"]
[Round "05"]
[TimeControl "5400+30"]
[Date "2022.10.15"]
[WhiteClock "0:34:45"]
[BlackClock "1:07:04"]

1. d4 Nf6 2. c4 e6 3. Nf3 d5 4. g3 dxc4 5. Bg2 Bb4+ 6. Bd2 a5 7. Qc1 Bxd2+ 8. Qxd2 c6 9. a4 b5 10. axb5 cxb5 11. Qg5 O-O 12. Qxb5 Ba6 13. Qxa5 Bb7 14. Qxd8 Rxa1 15. Qxf8+ Kxf8 16. O-O Ra2 17. Rc1 Rxb2 18. Nbd2 Bxf3 19. Nxf3 Rxe2 20. Rxc4 Nbd7 21. Rc7 Ke7 22. Kf1 Ra2 23. Ne5 Ra1+ 24. Ke2 Ra2+ 25. Kf1 Ra1+ 26. Ke2 Ra2+ 27. Kf1 1/2-1/2


[Site "http://www.chessbomb.com"]